 Dungeon Crawl Stone Soup version 0.29.1-1-gd02db6906a (webtiles) character file.

Game seed: 18339134810041968677

211 Ashen the Firebug (level 5, -1/37 HPs)
             Began as a Demonspawn Fire Elementalist on Oct 10, 2022.
             Slain by a scorpion (4 damage)
             ... on level 3 of the Dungeon.
             The game lasted 00:09:29 (4135 turns).

Ashen the Firebug (Demonspawn Fire Elementalist)    Turns: 4135, Time: 00:09:29

Health: -1/37      AC:  3    Str:  8    XL:     5   Next: 57%
Magic:  2/9        EV: 12    Int: 19    God:
Gold:   110        SH:  0    Dex: 13    Spells: 9/10 levels left

rFire   . . .      SeeInvis .   s - +2 dagger (venom)
rCold   + . .      Faith    +   (no shield)
rNeg    . . .      Spirit   .   a - +0 robe
rPois   .          Reflect  .   (no helmet)
rElec   .          Harm     .   (no cloak)
rCorr   .          Rampage  .   (no gloves)
Will    .....                   (no boots)
Stlth   ++........              k - amulet of faith
HPRegen 0.12/turn               j - ring of protection from cold
MPRegen 0.11/turn               m - ring of wizardry

@: no status effects
A: hooves 1, sharp scales 1
a: no special abilities


You were on level 3 of the Dungeon.
You visited 1 branch of the dungeon, and saw 4 of its levels.
You also visited: Sewer.

You collected 110 gold pieces.

Inventory:

Hand Weapons
 s - a +2 dagger of venom (weapon)
Missiles
 w - 4 javelins
Armour
 a - a +0 robe (worn)
Jewellery
 j - a ring of protection from cold (left hand)
 k - an amulet of faith (around neck)
 m - a ring of wizardry (right hand)
 r - an amulet of regeneration
Wands
 p - a wand of flame (14)
Scrolls
 d - a scroll of fear {unknown}
 e - 3 scrolls of teleportation {unknown}
 i - 5 scrolls of identify {unknown}
 n - a scroll of immolation {unknown}
 q - a scroll of noise {unknown}
 t - a scroll of enchant weapon {unknown}
Potions
 b - a potion of magic
 c - a potion of mutation {unknown}
 f - a potion of heal wounds {unknown}
 g - 2 potions of degeneration {unknown}
 h - a potion of resistance {unknown}
 l - 3 potions of lignification {unknown}
 o - a potion of might {unknown}
 u - a potion of brilliance {unknown}
 v - 2 potions of flight {unknown}


   Skills:
 + Level 1.4 Fighting
 + Level 2.4 Dodging
 + Level 2.5 Stealth
 * Level 3.0 Spellcasting
 * Level 2.5 Conjurations
 * Level 3.6 Fire Magic


You had 9 spell levels left.
You knew the following spells:

 Your Spells              Type           Power      Damage    Failure   Level
a - Foxfire               Conj/Fire      56%        2x1d6     1%          1

Your spell library contained the following spells:

 Spells                   Type           Power      Damage    Failure   Level
 Scorch                   Fire           32%        2d7       2%          2
 Conjure Flame            Conj/Fire      14%        6-21      5%          3
 Beastly Appendage        Tmut           4%         N/A       6%          1
 Wereblood                Tmut           2%         N/A       9%          2
 Inner Flame              Hex/Fire       9%         N/A       9%          3
 Flame Wave               Conj/Fire      14%        2d6       16%         4
 Spider Form              Tmut/Pois      2%         N/A       17%         3


Dungeon Overview and Level Annotations

Branches:
Dungeon (4/15)              Sewer (visited)
 Temple: D:4-7

Altars:

Shops:
D:3 [

Annotations:
D:2 Sigmund
D:3 2 runed translucent doors, t4s4d4r's ghost, amateur DsEE


Innate Abilities, Weirdness & Mutations

You have large cloven feet.
You are partially covered in razor-sharp scales. (AC +1, Slay +1)


Message History

The scorpion is heavily wounded.
The foxfire hits the scorpion but does no damage.
The scorpion is heavily wounded.
Unknown command.
The scorpion attacks as you move away! The scorpion stings you.
The orc throws a boomerang.
The boomerang closely misses you. The scorpion attacks as you move away!
The scorpion stings you but does no damage.
There is a stone staircase leading up here.
The scorpion closely misses you. The scorpion barely misses you.
You climb upwards.
Level annotation: 2 runed translucent doors, t4s4d4r's ghost, amateur DsEE
There is a stone staircase leading down here.
Casting: Foxfire (safe; 1% risk of failure)
Confirm with . or Enter, or press ? or * to list all spells.
You conjure some foxfire!
The scorpion closely misses you.
Casting: Foxfire (safe; 1% risk of failure)
Confirm with . or Enter, or press ? or * to list all spells.
You conjure some foxfire!
The foxfire hits the scorpion but does no damage.
The scorpion is heavily wounded.
The foxfire hits the scorpion.
The scorpion is heavily wounded.
The scorpion stings you.
Casting: Foxfire (safe; 1% risk of failure)
Confirm with . or Enter, or press ? or * to list all spells.
You conjure some foxfire!
The foxfire hits the scorpion but does no damage.
The scorpion is heavily wounded.
The scorpion stings you!
* * * LOW HITPOINT WARNING * * *
Your foxfire dissipates!
The foxfire hits the scorpion.
The scorpion is severely wounded.
Casting: Foxfire (safe; 1% risk of failure)
Confirm with . or Enter, or press ? or * to list all spells.
You conjure some foxfire!
The scorpion stings you.
* * * LOW HITPOINT WARNING * * *
The scorpion stings you.
You die...

#############
#...........####
#.######.......# #.#
#.##.##.# #.#
##.##.##.############# #.#
#...vs...........##... #.#
###..##@##.#######.##... #.#
#.....#v##.#######.##>..
#.###.##.......#...........#
#.....###...[..........#####
#####.###..#####<####..####
#......### #.###......#
###..(...###.##.###.#.##
##.##..........# #.....
##...........##.###.....


You could see a scorpion (ally target).

Vanquished Creatures
  Terence (D:2)
  Jessica (D:2)
  Natasha (D:2)
  A hell rat (Sewer)
  2 adders (D:2)
  3 river rats (Sewer)
  2 worms
  A dart slug (D:2)
  3 orcs
  8 ball pythons
  4 endoplasms
  2 giant cockroaches
  3 goblins
  8 kobolds
  4 quokkas
  5 bats
  2 frilled lizards
  12 rats
63 creatures vanquished.

Vanquished Creatures (others)
  164 foxfires
  4 plants (D:2)
168 creatures vanquished.

Grand Total: 231 creatures vanquished

Notes
Turn   | Place    | Note
-------+----------+-------------------------------------------
     0 | D:1      | Ashen the Demonspawn Fire Elementalist began the quest for
                  | the Orb.
     0 | D:1      | Reached XP level 1. HP: 13/13 MP: 3/3
    49 | D:1      | Found a faded altar of an unknown god.
   386 | D:1      | Gained mutation: You are partially covered in razor-sharp
                  | scales. (AC +1, Slay +1) [demonic ancestry]
   386 | D:1      | Reached XP level 2. HP: 10/19 MP: 0/5
  1325 | D:2      | Noticed Sigmund
  1684 | D:2      | Reached XP level 3. HP: 20/25 MP: 0/6
  1797 | D:2      | Noticed Jessica
  1812 | D:2      | Killed Jessica
  1904 | D:2      | Reached skill level 1 in Fighting
  2003 | D:2      | Noticed Terence
  2036 | D:2      | Killed Terence
  2037 | D:2      | Reached XP level 4. HP: 19/32 MP: 0/7
  2274 | D:2      | Noticed Natasha
  2403 | D:2      | Killed Natasha
  2920 | D:3      | Gained mutation: You have large cloven feet. [demonic
                  | ancestry]
  2920 | D:3      | Reached XP level 5. HP: 37/37 MP: 9/9
  3013 | D:3      | Found Etwishan's Armour Shoppe.
  3020 | D:3      | Found a runed translucent door.
  3023 | D:3      | Noticed t4s4d4r's ghost (amateur DsEE)
  3171 | D:3      | Found a glowing drain.
  3189 | Sewer    | Entered a sewer
  3757 | D:3      | Found a runed translucent door.
  4135 | D:3      | Slain by a scorpion

Illustrated notes

Levels and vault maps discovered:
D:1:      dpeg_arrival_rhombi, layout_basic,
          hellmonk_ecumenical_altar_arch_garden, chequers_serial_rivers_small_3,
          minmay_tetromino_t4
D:2:      layout_rooms, serial_forest, infiniplex_forest_clump_small,
          infiniplex_forest_lined_2, infiniplex_forest_lined_room_2,
          infiniplex_forest_straight_4, infiniplex_forest_corner_1,
          infiniplex_forest_end_1, uniq_natasha, uniq_sigmund, uniq_jessica,
          uniq_terence
D:3:      layout_loops_ring, serial_shops, shop, cheibrodos_sewer_entry_drain,
          ebering_ghost_sewer_f, due_unseen_surprise
D:4:      layout_layer_cave, mainiacjoe_overflow_divided_tiny,
          lemuel_zombie_altar_yredelemnul, minmay_temple_entry_enclosed_plants

Skill      XL: |  1  2  3  4  5 |
---------------+----------------+-----
Stealth        | 2 |  2.5
Dodging        | 2 |  2.4
Fire Magic     | 3 |  3.6
Fighting       | 1 |  1.4
Conjurations   | 2 |  2.5
Spellcasting   | 3 |  3.0

Action                   |  1- 3 |  4- 6 || total
-------------------------+-------+-------++-------
Melee: Unarmed           |    45 |     5 ||    50
       Punch             |     1 |       ||     1
       Dagger            |       |    51 ||    51
       Kick              |       |    11 ||    11
 Cast: Foxfire           |    51 |    39 ||    90
  Use: Scroll            |       |     1 ||     1
 Stab: Sleeping          |     1 |     7 ||     8
Armor: Robe              |     7 |    13 ||    20
Dodge: Dodged            |    36 |    34 ||    70
